 Dungeon Crawl Stone Soup version 0.18-a0-1577-gf591c28 (webtiles) character file.

36 Duffy the Insei (level 3, -2/26 HPs)
             Began as a Demonspawn Transmuter on Mar 18, 2016.
             Slain by a gnoll
             ... wielding a +0 flail
              (8 damage)
             ... on level 1 of the Dungeon.
             The game lasted 00:01:13 (1116 turns).

Duffy the Insei (Demonspawn Transmuter)             Turns: 1116, Time: 00:01:13

Health: -2/26      AC:  0    Str: 11    XL:     3   Next: 19%
Magic:  3/6        EV: 14    Int: 14    God:
Gold:   39         SH:  0    Dex: 13    Spells: 2 memorised, 2 levels left

rFire  . . .     SeeInvis .       - Unarmed
rCold  . . .     Gourm    .     (armour currently unavailable)
rNeg   . . .     Faith    .     (shield currently unavailable)
rPois  .         Spirit   .     (helmet currently unavailable)
rElec  .         Dismiss  .     (cloak currently unavailable)
rCorr  .         Reflect  .     (gloves currently unavailable)
SustAt .         Harm     .     (boots currently unavailable)
MR     .....                    (no amulet)
Stlth  +.........               (ring currently unavailable)
                                (ring currently unavailable)

@: pig-form, very slightly contaminated, very quick, not resistant to hostile
enchantments, very unstealthy
A: (hooves 0)
a: no special abilities


You were on level 1 of the Dungeon.
You were hungry.
You were a filthy swine.
You visited 1 branch of the dungeon, and saw 2 of its levels.

You collected 39 gold pieces.


Innate Abilities, Weirdness & Mutations

((You have large cloven feet.))


   Skills:
 - Level 1.0 Fighting
 - Level 1.7 Dodging
 - Level 3.9 Unarmed Combat
 - Level 2.0 Spellcasting
 + Level 1.7 Transmutations
 + Level 0.2 Poison Magic


You had 2 spell levels left.
You knew the following spells:

 Your Spells              Type           Power        Failure   Level  Hunger
a - Beastly Appendage     Trmt           #.....       14%         1    ##.....
l - Spider Form           Trmt/Pois      #.........   61%         3    ####...

Inventory:

Missiles
 a - 33 arrows
Armour
 b - a +0 robe (melded)
Jewellery
 f - an uncursed ring of ice {unknown}
Scrolls
 e - 2 scrolls of remove curse {unknown}
 h - a scroll of enchant weapon {unknown}
Potions
 g - a potion of mutation {unknown}
Books
 c - a book of Changes
Comestibles
 d - a bread ration

Dungeon Overview and Level Annotations

Branches:
Dungeon (2/15)

Altars:


Message History

You are too injured to fight recklessly!
You are too injured to fight recklessly!
You are too injured to fight recklessly!
You are too injured to fight recklessly!
You are too injured to fight recklessly!
The rat bites you.
You completely miss the rat. Your kick misses the rat. You hit the rat.
You kick the rat, but do no damage. Your punch misses the rat.
The rat is heavily wounded.
The rat bites you.
You closely miss the rat. Your kick misses the rat.
The rat is heavily wounded.
The rat misses you. The rat bites you.
There is an open door here.
You hit the rat but do no damage. You kick the rat, but do no damage.
The rat is heavily wounded.
The rat closely misses you.
Cast which spell? (? or * to list)
You miscast Spider Form.
You are very lightly contaminated with residual magic.
You turn into a filthy swine.
Your +0 robe melds into your body.
The rat bites you.
You barely miss the rat.
The rat is heavily wounded.
The rat barely misses you.
You hit the rat.
You kill the rat!
You closely miss the gnoll.
The gnoll is moderately wounded.
The gnoll barely misses you.
You hit the gnoll.
The gnoll is severely wounded.
The gnoll hits you with a flail!
You die...

###### ##### .....# #...#
####.####...# ........#...##
.............#
)............###################
...............gh..............#
####'###.....#############...#.##
#.....##.....# #...#..#
#.....##....)########### #.......
#.....##.....##........# #.......
#.....##.....##........# #......%
......##.....##........# #.....(.
###############........# #...###(
####.........##........#########.


You could see a gnoll.

Action                   || total
-------------------------++-------
Melee: Unarmed           ||    78
 Stab: Sleeping          ||     2

Notes
Turn   | Place    | Note
--------------------------------------------------------------
     0 | D:1      | Duffy the Demonspawn Transmuter began the quest for the Orb.
     0 | D:1      | Reached XP level 1. HP: 15/15 MP: 3/3
   166 | D:1      | Reached skill level 3 in Unarmed Combat
   295 | D:1      | Gained mutation: You have large cloven feet. [demonic ancestry]
   295 | D:1      | Reached XP level 2. HP: 15/21 MP: 5/5
   950 | D:1      | Reached XP level 3. HP: 16/26 MP: 6/6
  1070 | D:1      | Learned a level 3 spell: Spider Form
  1116 | D:1      | Slain by a gnoll

Vault maps used:
D:1:      minmay_arrival_widening_spiral_wide
D:2:      marbit_many_paths, nicolae_overflow_hidden_temple,
          minmay_shallow_snake_nest, uniq_terence

Vanquished Creatures
  A gnoll
  An ooze
  4 goblins
  A hobgoblin
  5 kobolds
  A ball python
  4 bats
  6 rats
23 creatures vanquished.
